 Dungeon Crawl Stone Soup version 0.30.1-11-g7821555f0a (webtiles) character file.

Game seed: 12929232185975732195

4 SacredBeard the Vexing (level 1, 0/11 HPs)
             Began as a Deep Elf Hexslinger on Nov 27, 2023.
             Killed from afar by a dart slug (3 damage)
             ... with a slug dart
             ... on level 1 of the Dungeon.
             The game lasted 00:00:50 (99 turns).

SacredBeard the Vexing (Deep Elf Hexslinger)          Turns: 99, Time: 00:00:51

Health: 0/11       AC:  2    Str:  7    XL:     1   Next: 58%
Magic:  2/5        EV: 12    Int: 17    God:
Gold:   5          SH:  0    Dex: 15    Spells: 2/3 levels left

rFire   . . .        a - +1 sling
rCold   . . .        (no shield)
rNeg    . . .        c - +0 robe
rPois   .            (no helmet)
rElec   .            (no cloak)
rCorr   .            (no gloves)
SInv    .            (no boots)
Will    .....        (no amulet)
Stlth   +            (no ring)
HPRegen 0.21/turn    (no ring)
MPRegen 0.09/turn

%: no passive effects
@: no status effects
A: no striking features
a: no special abilities


You were on level 1 of the Dungeon.
You visited 1 branch of the dungeon, and saw 1 of its levels.

You collected 5 gold pieces.

Inventory:

Hand Weapons
 a - a +1 sling (weapon)
Armour
 c - a +0 robe (worn)
Scrolls
 b - a scroll of poison
 d - a scroll of magic mapping {unknown}


   Skills:
 + Level 0.8 Fighting
 * Level 2.9 Ranged Weapons
 + Level 0.1 Armour
 + Level 2.5 Dodging
 + Level 1.8 Spellcasting
 + Level 4.0 Hexes


You had 2 spell levels left.
You knew the following spells:

 Your Spells              Type           Power      Damage    Failure   Level
a - Slow                  Hex            60%        N/A       3%          1

Your spell library contained the following spells:

 Spells                   Type           Power      Damage    Failure   Level
 Inner Flame              Hex/Fire       8%         N/A       26%         3
 Portal Projectile        Hex/Tloc       16%        N/A       26%         3
 Cause Fear               Hex            7%         N/A       36%         4


Dungeon Overview and Level Annotations

Branches:
Dungeon (1/15) Zot: 5894

Altars:


Message History

A ball python comes into view.
The ball python moves out of view.
You see here a scroll labelled JAOLOH JYAJ.
A ball python is nearby!
The ball python seems to slow down.
You shoot a sling bullet.
The sling bullet barely misses the ball python.
You shoot a sling bullet.
The sling bullet barely misses the ball python.
You shoot a sling bullet. The sling bullet hits the ball python.
You kill the ball python!
No target in view!
No target in view!
d - a scroll labelled JAOLOH JYAJ A quokka comes into view.
The quokka seems to slow down.
The quokka struggles to resist.
The quokka seems to slow down.
The quokka bites you.
You are too injured to fight recklessly!
You are too injured to fight recklessly!
You are too injured to fight recklessly!
You are too injured to fight recklessly!
You shoot a sling bullet.
The sling bullet closely misses the quokka.
The quokka barely misses you.
You shoot a sling bullet.
The sling bullet completely misses the quokka.
A dart slug comes into view.
The quokka twitches its whiskers.
The quokka completely misses you.
You shoot a sling bullet. The sling bullet misses the quokka.
The dart slug launches a dart at you. The slug dart hits you.
* * * LOW HITPOINT WARNING * * *
The quokka closely misses you.
You shoot a sling bullet.
The sling bullet hits the quokka but does no damage.
The dart slug launches a dart at you. The slug dart hits you.
You die...

# .# #.# ##..###
....... ... ....#
#..######## ###r?..#
#.........####.@....#
#..............##w###
.#........#####.# #
.#........# #.#
.......†..# #..
..........# ##..
##.......# ..#
####......# ..#
8.8#...#### ...


You could see a dart slug and a quokka (slow).

Vanquished Creatures
  A goblin (D:1)
  A hobgoblin (D:1)
  A ball python (D:1)
  A kobold (D:1)
  A rat (D:1)
5 creatures vanquished.

Notes
Turn   | Place    | Note
-------+----------+-------------------------------------------
     0 | D:1      | SacredBeard the Deep Elf Hexslinger began the quest for the
                  | Orb.
     0 | D:1      | Reached XP level 1. HP: 11/11 MP: 5/5
    99 | D:1      | Killed from afar by a dart slug

Illustrated notes

Levels and vault maps discovered:
D:1:      mrwooster_arrival_statue_2, layout_rooms, serial_aquarium,
          aquarium_bridge_square [aquarium_subvault_bridge,
          aquarium_subvault_bridge, aquarium_subvault_bridge,
          aquarium_subvault_window], aquarium_window_corridor_1,
          aquarium_window_fake, aquarium_view_2g, aquarium_balcony_1a,
          minmay_pentomino_o4

Action                     || total
---------------------------++-------
   Fire: Sling             ||    21
   Cast: Slow              ||     9
  Dodge: Dodged            ||     8
